 Dungeon Crawl Stone Soup version 0.22-b1-26-g9dbaab1112 (webtiles) character file.

139 Pisosu the Shield-Bearer (level 5, -9/47 HPs)
             Began as a Minotaur Fighter on Aug 9, 2018.
             Was an Initiate of Trog.
             Killed by divine providence
             ... invoked by an orc priest
              (12 damage)
             ... on level 3 of the Dungeon.
             The game lasted 00:03:22 (1817 turns).

Pisosu the Shield-Bearer (Minotaur Fighter)         Turns: 1817, Time: 00:03:23

Health: -9/47      AC:  7    Str: 27    XL:     5   Next: 1%
Magic:  4/4        EV:  8    Int:  5    God:    Trog [......]
Gold:   140        SH: 10    Dex:  9    Spells: 4/4 levels left

rFire    . . .     SeeInvis .   a - +0 flail
rCold    . . .     Gourm    .   c - +0 shield
rNeg     . . .     Faith    .   b - +0 scale mail
rPois    .         Spirit   .   (helmet restricted)
rElec    .         Reflect  .   (no cloak)
rCorr    .         Harm     .   (no gloves)
MR       .....                  (no boots)
Stlth    ..........             (no amulet)
HPRegen  0.15/turn              (no ring)
MPRegen  0.09/turn              (no ring)

@: mighty, lethally poisoned (-9 -> -10)
A: retaliatory headbutt, horns 2
a: Renounce Religion


You were on level 3 of the Dungeon.
You worshipped Trog.
Trog was noncommittal.
You were not hungry.

You visited 1 branch of the dungeon, and saw 3 of its levels.

You collected 140 gold pieces.

Inventory:

Hand Weapons
 a - a +0 flail (weapon)
Armour
 b - a +0 scale mail (worn)
 c - a +0 shield (worn)
Jewellery
 m - a +2 ring of intelligence {unknown}
Scrolls
 e - 3 scrolls of identify {unknown}
 g - a scroll of enchant armour {unknown}
 h - a scroll of magic mapping {unknown}
 l - a scroll of amnesia {unknown}
 n - a scroll of teleportation {unknown}
 p - a scroll of noise {unknown}
Potions
 d - a potion of might
 i - a potion of degeneration {unknown}
 j - 2 potions of curing {unknown}
 k - 2 potions of agility {unknown}
Comestibles
 f - 5 rations
 o - 3 chunks of flesh


   Skills:
 + Level 4.3 Fighting
 + Level 4.0 Maces & Flails
 + Level 4.7 Armour
 + Level 4.7 Shields


You had 4 spell levels left.
You didn't know any spells.
Your spell library was empty.

Dungeon Overview and Level Annotations

Branches:
Dungeon (3/15)

Altars:
Fedhas
Qazlal
Trog

Annotations:
D:2 Sigmund


Innate Abilities, Weirdness & Mutations

You reflexively headbutt those who attack you in melee.
You have a pair of horns on your head.


Message History

The orc priest is moderately wounded.
You block the orc priest's attack.
You hit the orc priest but do no damage.
Your headbutt misses the orc priest.
The orc priest is moderately wounded.
You feel sick.
The orc priest mumbles some strange prayers to Beogh against you.
Beogh smites you!
* * * LOW HITPOINT WARNING * * *
The orc priest hits you with a falchion.
* * * LOW HITPOINT WARNING * * *
Okay, then.
You feel very mighty all of a sudden.
The orc priest looks encouraged for a moment.
You barely miss the orc priest.
The orc priest is moderately wounded.
The orc priest hits you but does no damage.
The orc priest mumbles some strange prayers to Beogh against you.
Beogh smites you!
You die...

##..##...##..###
#.# ##.........##
#.# ####...#### #.#
##_## #.# ### ...
... ...
..########## #.#
..oKooo@...# #..
..########.# #.#
#.## #.. #.#.## #.#
###.###.#########..
..# ##...........
#.#.###.#########.#
... #.#.## #.# ###
#...##########.#


You could see 2 orc priests, an orc wizard, an orc and a kobold.

Vanquished Creatures
  A gnoll (D:1)
  7 adders
  3 worms
  2 dart slugs
  An orc (D:3)
  A ball python (D:3)
  3 bats
  5 giant cockroaches
  5 goblins
  5 hobgoblins
  4 jackals (D:1)
  A quokka (D:3)
  8 kobolds
  6 rats
52 creatures vanquished.

Notes
Turn   | Place    | Note
-------+----------+-------------------------------------------
     0 | D:1      | Pisosu the Minotaur Fighter began the quest for the Orb.
     0 | D:1      | Reached XP level 1. HP: 19/19 MP: 0/0
   202 | D:1      | Reached XP level 2. HP: 24/27 MP: 1/1
   771 | D:2      | Reached XP level 3. HP: 33/33 MP: 2/2
  1032 | D:2      | Noticed Sigmund
  1290 | D:3      | Found a blossoming altar of Fedhas.
  1290 | D:3      | Found a stormy altar of Qazlal.
  1301 | D:3      | Found a faded altar of an unknown god.
  1304 | D:3      | Found a bloodstained altar of Trog.
  1306 | D:3      | Found a faded altar of an unknown god.
  1310 | D:3      | Became a worshipper of Trog the Wrathful
  1368 | D:3      | Reached XP level 4. HP: 40/40 MP: 3/3
  1809 | D:3      | Reached XP level 5. HP: 31/47 MP: 4/4
  1817 | D:3      | Killed from afar by an orc priest

Skill      XL: |  1  2  3  4  5 |
---------------+----------------+-----
Armour         | 4 |  4.7
Shields        | 4 |  4.7
Fighting       | 4 |  4.3
Maces & Flails | 3 4 |  4.0

Action                   |  1- 3 |  4- 6 || total
-------------------------+-------+-------++-------
Melee: Flail             |    74 |    74 ||   148
       Headbutt          |    14 |     8 ||    22
  Use: Potion            |       |     1 ||     1
  Eat: Chunk             |     1 |     2 ||     3
Armor: Scale mail        |    53 |    37 ||    90
Dodge: Dodged            |    34 |    19 ||    53
Block: Shield            |    52 |    46 ||    98
